 Dungeon Sprint DCSS version 0.16.1-17-g773cdaf (webtiles) character file.

693 lorenzova the Impaler (level 7, -6/71 HPs)
             Began as a Merfolk Gladiator on Apr 23, 2015.
             Was an Initiate of Qazlal.
             Succumbed to an orange demon's poison
             ... in the Dungeon (Sprint I: "Red Sonja").
             The game lasted 00:03:11 (1008 turns).

lorenzova the Impaler (Merfolk Gladiator)           Turns: 1008, Time: 00:03:11

Health: -6/71      AC:  4    Str: 18    XL:     7   Next: 64%
Magic:  7/7        EV: 13    Int:  7    God:    Qazlal [......]
Gold:   504        SH:  0    Dex: 14    Spells: 0 memorised, 6 levels left

rFire  . . .     SeeInvis .     m - +0 scythe
rCold  . . .     Clarity  .     b - +0 leather armour
rNeg   . . .     SustAb   .     (no shield)
rPois  .         Gourm    .     c - +0 helmet
rElec  .         Spirit   .     (no cloak)
rCorr  .         Warding  .     (no gloves)
rMut   .         NoTele   +     (no boots)
MR     .....                    (no amulet)
Stlth  +.........               (no ring)
                                (no ring)

@: lethally poisoned (-6 -> -98), weakened, not resistant to hostile
enchantments, very unstealthy
A: change form in water, swift swim
a: Renounce Religion


You were in the Dungeon.
You worshipped Qazlal.
Qazlal was noncommittal.
You were not hungry.

You visited 1 branch You collected 532 gold pieces.
You spent 28 gold pieces at shops.

Inventory:

Hand weapons
 a - a +0 trident
 m - a +0 scythe (weapon)
Armour
 b - a +0 leather armour (worn)
 c - a +0 helmet (worn)
Scrolls
 d - a scroll of identify
 k - a scroll of blinking
 n - a scroll of enchant weapon {unknown}
Potions
 e - a potion of curing
 g - a potion of heal wounds
 h - a potion of haste
 i - 2 potions of magic
 j - a potion of berserk rage
 l - a potion of beneficial mutation {unknown}
Comestibles
 f - a bread ration


   Skills:
 + Level 12.3 Fighting
 + Level 15.7 Polearms
 - Level 2.0 Throwing
 - Level 4.0 Dodging


You had 6 spell levels left.
You didn't know any spells.

Dungeon Overview and Level Annotations

Branches:
Dungeon (1/1)

Altars:
Cheibriados
Dithmenos
Elyvilon
Fedhas
Gozag
Kikubaaqudgha
Makhleb
Nemelex Xobeh
Okawaru
Qazlal
Ru
Sif Muna
Trog
Vehumet
Xom
Yredelemnul
Zin
The Shining One
Jiyva

Shops:
D *


Message History

The orange demon stings you!
* * * LOW HITPOINT WARNING * * *
You are more poisoned.
The orange demon poisons you!
You feel as though you will be weak longer.
The orange demon hits you.
* * * LOW HITPOINT WARNING * * *
* * * LOW HITPOINT WARNING * * *
You feel very sick. The iron imp misses you.
The kobold demonologist completely misses you.
The orange demon stings you.
* * * LOW HITPOINT WARNING * * *
You are more poisoned.
The orange demon poisons you!
You feel as though you will be weak longer.
The orange demon closely misses you.
You closely miss the kobold demonologist.
The kobold demonologist is moderately wounded.
You die...

##########################
#<.#..)..#..'45#__#..'...#
#..').#..'[.#@554.'..#.G.#
#..#####'#####K#__#### ..+
#..####..#...#4#### ##
#..#__####..##.#
#..#_..__##'#).+
#⌠⌠#_.∩...'.(._#
####_..._##_.#+#
#_____###(# #########(##


You could see 2 orange demons, a kobold demonologist, a blue devil, an iron imp,
a quasit and a white imp.

Vanquished Creatures
  Sonja (D)
  A slime creature (D)
  A yak (D)
  Sigmund (D)
  An ogre (D)
  A crimson imp (D)
  A jelly (D)
  Ijyb (D)
  An ufetubus (D)
9 creatures vanquished.

Vanquished Creatures (others)
  A gargoyle (D)
1 creature vanquished.

Grand Total: 10 creatures vanquished

Notes
Turn   | Place    | Note
--------------------------------------------------------------
     0 | D        | lorenzova, the Merfolk Gladiator, began the quest for the Orb.
     0 | D        | Reached XP level 1. HP: 16/16 MP: 1/1
     2 | D        | Noticed Ijyb
    18 | D        | Killed Ijyb
    18 | D        | Reached skill level 6 in Polearms
    18 | D        | Reached XP level 2. HP: 11/26 MP: 2/2
   202 | D        | Noticed an ogre
   208 | D        | Killed an ogre
   208 | D        | Reached skill level 7 in Fighting
   208 | D        | Reached skill level 9 in Polearms
   208 | D        | Reached XP level 3. HP: 30/36 MP: 3/3
   208 | D        | Reached XP level 4. HP: 35/43 MP: 4/4
   272 | D        | Killed a gargoyle
   275 | D        | Noticed Sigmund
   285 | D        | Killed Sigmund
   285 | D        | Reached skill level 11 in Polearms
   285 | D        | Reached XP level 5. HP: 38/51 MP: 5/5
   301 | D        | Found a snail-covered altar of Cheibriados.
   301 | D        | Found a viscous altar of Jiyva.
   301 | D        | Found a shadowy altar of Dithmenos.
   301 | D        | Found a blossoming altar of Fedhas.
   301 | D        | Noticed a slime creature
   582 | D        | Killed a slime creature
   582 | D        | Reached skill level 10 in Fighting
   582 | D        | Reached skill level 13 in Polearms
   582 | D        | Reached XP level 6. HP: 50/61 MP: 6/6
   655 | D        | Found a deep blue altar of Sif Muna.
   655 | D        | Noticed a jelly
   657 | D        | Found a radiant altar of Vehumet.
   658 | D        | Killed a jelly
   683 | D        | Found Strorchuge's General Store.
   683 | D        | Found a white marble altar of Elyvilon.
   683 | D        | Found a stormy altar of Qazlal.
   683 | D        | Found a burning altar of Makhleb.
   683 | D        | Found a sacrificial altar of Ru.
   683 | D        | Found a basalt altar of Yredelemnul.
   683 | D        | Found a glowing golden altar of the Shining One.
   683 | D        | Found a sparkling altar of Nemelex Xobeh.
   683 | D        | Found a shimmering altar of Xom.
   683 | D        | Found an opulent altar of Gozag.
   683 | D        | Found an ancient bone altar of Kikubaaqudgha.
   683 | D        | Found a glowing silver altar of Zin.
   683 | D        | Noticed a yak
   691 | D        | Killed a yak
   691 | D        | Reached skill level 14 in Polearms
   691 | D        | Reached XP level 7. HP: 60/68 MP: 7/7
   730 | D        | Found an iron altar of Okawaru.
   731 | D        | Found a bloodstained altar of Trog.
   735 | D        | Bought a scroll of identify for 28 gold pieces
   737 | D        | Became a worshipper of Qazlal Stormbringer
   745 | D        | Noticed Sonja
   751 | D        | Killed Sonja
   751 | D        | Reached skill level 15 in Polearms
   985 | D        | Noticed a kobold demonologist
  1000 | D        | Noticed an orange demon
  1002 | D        | Noticed an orange demon
  1007 | D        | Noticed a blue devil
  1007 | D        | HP: 1/71 [orange demon[a kobold demonologist] (6)]
  1008 | D        | Succumbed to an orange demon's poison

Action                   |  1- 3 |  4- 6 |  7- 9 || total
-------------------------+-------+-------+-------++-------
Melee: Trident           |    21 |    10 |       ||    31
       Scythe            |       |    22 |    17 ||    39
Throw: Throwing net      |     1 |     3 |       ||     4
 Stab: Held in net/web   |     1 |       |       ||     1
